 Dungeon Crawl Stone Soup version 0.30.1-9-gdf580d7c3d (webtiles) character file.

Game seed: 2194781085939662251

135 Wiggles the Chopper (level 4, -2/41 HPs)
             Began as a Minotaur Berserker on Oct 9, 2023.
             Was a Believer of Trog.
             Slain by Natasha (3 damage)
             ... on level 3 of the Dungeon.
             The game lasted 00:03:32 (2130 turns).

Wiggles the Chopper (Minotaur Berserker)            Turns: 2130, Time: 00:03:32

Health: -2/41      AC:  6    Str: 23    XL:     4   Next: 96%
Magic:  3/3        EV: 10    Int:  4    God:    Trog [**....]
Gold:   105        SH:  0    Dex: 10    Spells: 3/3 levels left

rFire   . . .        a - +0 hand axe
rCold   . . .        (no shield)
rNeg    . . .        p - +0 scale mail
rPois   .            (helmet restricted)
rElec   .            (no cloak)
rCorr   .            (no gloves)
SInv    .            (no boots)
Will    .....        (no amulet) Stlth
                     (no ring)
HPRegen 0.26/turn    (no ring)
MPRegen 0.08/turn

%: no passive effects
@: on berserk cooldown, slowed, very slow
A: horns 2, retaliatory headbutt
a: Renounce Religion, Berserk, Trog's Hand


You were on level 3 of the Dungeon.
You worshipped Trog.
Trog was pleased with you.
You visited 1 branch of the dungeon, and saw 3 of its levels.

You collected 105 gold pieces.

Inventory:

Hand Weapons
 a - a +0 hand axe (weapon)
Armour
 p - a +0 scale mail (worn)
Jewellery
 o - the ring "Veemum" {rF+++ rC+ rCorr Int-2 Dex-3}
   (You found it on level 2 of the Dungeon)

   [ring of protection from cold]

   Int:       It affects your intelligence (-2).
   Dex:       It affects your dexterity (-3).
   rF:        It renders you almost immune to fire.
   rC:        It protects you from cold.
   rCorr:     It protects you from acid and corrosion.
Scrolls
 b - 2 scrolls of magic mapping {unknown}
 d - 2 scrolls of blinking {unknown}
 e - a scroll of fog {unknown}
 f - a scroll of enchant armour {unknown}
 g - a scroll of silence {unknown}
 h - 2 scrolls of identify {unknown}
 i - a scroll of noise {unknown}
 k - a scroll of brand weapon {unknown}
 l - a scroll of teleportation {unknown}
 n - a scroll of enchant weapon {unknown}
Potions
 c - 2 potions of curing {unknown}
 j - a potion of heal wounds {unknown}
 m - a potion of flight {unknown}
 q - a potion of cancellation {unknown}


   Skills:
 + Level 4.5 Fighting
 + Level 5.3 Axes
 + Level 3.2 Armour
 + Level 2.7 Dodging
 + Level 0.7 Stealth


You had 3 spell levels left.
You didn't know any spells.
Your spell library was empty.

Dungeon Overview and Level Annotations

Branches:
Dungeon (3/15)

Altars:
Fedhas
Ru
Vehumet

Annotations:
D:3 Natasha


Innate Abilities, Weirdness & Mutations

You have a pair of horns on your head.
You reflexively headbutt those who attack you in melee.


Message History

The adder is moderately wounded.
The adder completely misses you.
Natasha stares at you and mumbles some strange words.
The magic dart hits you. The adder bites you but does no damage.
You barely miss the adder. You headbutt the adder.
The adder is moderately wounded.
You barely miss the orc.
Natasha casts a spell.
The adder bites you but does no damage. The orc hits you but does no damage.
The adder barely misses you.
You hit the adder but do no damage. You headbutt the adder!
You kill the adder!
Trog accepts your kill.
You slash the orc!
You kill the orc!
Trog accepts your kill. Natasha claws you but does no damage.
Natasha attacks as you move away! Natasha claws you!
* * * LOW HITPOINT WARNING * * *
Things that are here:
an adder corpse; the felid corpse of Natasha You completely miss Natasha.
Natasha completely misses you.
The cerulean imp hits you but does no damage.
Natasha claws you.
* * * LOW HITPOINT WARNING * * *
You hit Natasha.
Natasha is heavily wounded.
The cerulean imp barely misses you. Natasha barely misses you.
The cerulean imp barely misses you.
You barely miss Natasha.
Natasha is heavily wounded.
Natasha casts a spell at you. You resist with some effort.
The cerulean imp closely misses you. Natasha claws you but does no damage.
You closely miss Natasha.
Natasha is heavily wounded.
The cerulean imp hits you from afar with a +1 spear.
* * * LOW HITPOINT WARNING * * *
Natasha claws you.
You die...

#......###### .......
###......|..####........
#..#.#.......#........
##...####......##....
###...###...........
#....##........#
##.............#
.........)#...#
#.#..#..#)@h..# #
#.....###)..# #.....#
#.5..... #._8_.#
#........ #.._...
#.#....#. #.....
.....##.. ###... ......
# ......#


You could see Natasha and a cerulean imp (summoned).

Vanquished Creatures
  An orc priest (D:3)
  Natasha (D:3)
  A gnoll (D:1)
  2 adders
  2 dart slugs (D:1)
  2 orcs (D:3)
  2 bats (D:2)
  3 endoplasms
  2 giant cockroaches
  3 goblins
  2 hobgoblins
  4 jackals (D:2)
  7 kobolds
  A quokka (D:3)
  4 ball pythons
  5 frilled lizards
  5 rats
47 creatures vanquished.

Notes
Turn   | Place    | Note
-------+----------+-------------------------------------------
     0 | D:1      | Wiggles the Minotaur Berserker began the quest for the Orb.
     0 | D:1      | Reached XP level 1. HP: 19/19 MP: 0/0
   402 | D:1      | Reached skill level 4 in Axes
   402 | D:1      | Reached XP level 2. HP: 27/27 MP: 1/1
   657 | D:1      | Reached XP level 3. HP: 30/33 MP: 2/2
  1261 | D:2      | Reached ** piety under Trog
  1805 | D:2      | Identified the ring "Veemum" {rF+++ rC+ rCorr Int-2 Dex-3}
  2103 | D:3      | Found a sacrificial altar of Ru.
  2104 | D:3      | Found a radiant altar of Vehumet.
  2104 | D:3      | Found a blossoming altar of Fedhas.
  2106 | D:3      | Noticed Natasha
  2113 | D:3      | Reached skill level 5 in Axes
  2113 | D:3      | Reached XP level 4. HP: 41/41 MP: 3/3
  2117 | D:3      | Killed Natasha
  2120 | D:3      | Noticed Natasha
  2127 | D:3      | HP: 2/41 [Natasha (4)]
  2130 | D:3      | Slain by Natasha

Illustrated notes

Levels and vault maps discovered:
D:1:      elethiomel_arrival_maze, layout_loops_corners
D:2:      layout_loops_corners
D:3:      layout_rooms, chequers_temple_overflow_statue_of_worship, uniq_natasha

Skill      XL: |  1  2  3 |
---------------+----------+-----
Fighting       | 4 |  4.5
Axes           | 4 5 |  5.3
Armour         | 3 |  3.2
Dodging        | |  2.7
Stealth        | |  0.7

Action                     |  1- 3 |  4- 6 || total
---------------------------+-------+-------++-------
  Melee: Hand axe          |    75 |    13 ||    88
         Headbutt          |     8 |     4 ||    12
 Invoke: Berserk           |     1 |       ||     1
   Stab: Sleeping          |     1 |       ||     1
 Armour: Leather armour    |     2 |       ||     2
         Animal skin       |     1 |       ||     1
         Ring mail         |    26 |       ||    26
         Scale mail        |     8 |    15 ||    23
  Dodge: Dodged            |    52 |    13 ||    65
